TOP OF THE 1ST |
---|
Casper Ghosts batting - Pitching for Culver City Extras : LHP Sebastián Cervantes | Pitching: LHP Sebastián Cervantes | | Batting: RHB Alberto Soto | 0-0: Ball 1-0: Ball 2-0: Ball 3-0: Called Strike 3-1: Base on Balls | Batting: LHB Luis Rodríguez | 0-0: Called Strike 0-1: Swinging Strike 0-2: SINGLE (Line Drive, 7S) Alberto Soto to second | Batting: LHB Alberto Varela | 0-0: Called Strike Alberto Soto steals 3rd base 0-1: Ball 1-1: Foul Ball, location: 2F 1-2: Ball Wild Pitch! Alberto Soto scores Luis Rodríguez to second 2-2: Foul Ball, location: 2F 2-2: Ground out 6-3 (Groundball, 6) | Batting: RHB Paul Richard | 0-0: Ball 1-0: Called Strike 1-1: Ball 2-1: Ground out 4-3 (Groundball, 34) Luis Rodríguez to third | Batting: LHB Ralph Cobb | 0-0: Foul Ball, location: 2F 0-1: Ball 1-1: Fly out, F8 (Flyball, 8RD) | Top of the 1st over - 1 run, 1 hit, 0 errors, 1 left on base; Casper 1 - Culver City 0 | BOTTOM OF THE 1ST |
---|
Culver City Extras batting - Pitching for Casper Ghosts : RHP Ray Adams | Pitching: RHP Ray Adams | | Batting: RHB Horace Johnson | 0-0: Swinging Strike 0-1: Foul Ball, location: 2F 0-2: SOLO HOME RUN (Flyball, 7D), Distance : 363 ft | Batting: LHB Jorge Martínez | 0-0: Ground out 4-3 (Groundball, 34D) | Batting: LHB Randy Wiggins | 0-0: Called Strike 0-1: Ground out 4-3 (Groundball, 34) | Batting: LHB Tony Smith | 0-0: Fly out, F8 (Flyball, 8LD) | Bottom of the 1st over - 1 run, 1 hit, 0 errors, 0 left on base; Casper 1 - Culver City 1 | TOP OF THE 2ND |
---|
Casper Ghosts batting - Pitching for Culver City Extras : LHP Sebastián Cervantes | Batting: RHB Robert Acosta | 0-0: Ball 1-0: Ball 2-0: Foul Ball, location: 2F 2-1: SINGLE (Groundball, 6MD) | Batting: RHB Troy Reed | 0-0: Ball 1-0: Called Strike 1-1: Foul Ball, location: 2F 1-2: Grounds into double play, 1-6-3 (Groundball, 13) | Batting: RHB Miguel Toro | 0-0: Ball 1-0: Ball 2-0: Fly out, F7 (Line Drive, 7D) | Top of the 2nd over - 0 runs, 1 hit, 0 errors, 0 left on base; Casper 1 - Culver City 1 | BOTTOM OF THE 2ND |
---|
Culver City Extras batting - Pitching for Casper Ghosts : RHP Ray Adams | Batting: LHB Buddy Rice | 0-0: Ball 1-0: Swinging Strike 1-1: Ground out 4-3 (Groundball, 4) | Batting: LHB Richard Bell | 0-0: Foul Ball, location: 2F 0-1: Called Strike 0-2: Foul Ball, location: 2F 0-2: Ball 1-2: Foul Ball, location: 2F 1-2: SINGLE (Groundball, 6D) | Batting: RHB John Stevens | 0-0: Ball 1-0: Ball 2-0: Called Strike 2-1: Called Strike 2-2: Foul Ball, location: 2F 2-2: Foul Ball, location: 2F 2-2: Grounds into double play, 6-4-3 (Groundball, 6M) | Bottom of the 2nd over - 0 runs, 1 hit, 0 errors, 0 left on base; Casper 1 - Culver City 1 | TOP OF THE 3RD |
---|
Casper Ghosts batting - Pitching for Culver City Extras : LHP Sebastián Cervantes | Batting: LHB Ronald Gordon | 0-0: Called Strike 0-1: Called Strike 0-2: Ball 1-2: Ball 2-2: Ball 3-2: Fly out, F7 (Flyball, 7S) | Batting: RHB Alberto Soto | 0-0: Called Strike 0-1: Ball 1-1: Ball 2-1: Foul Ball, location: 2F 2-2: SINGLE (Line Drive, 8RS) | Batting: LHB Luis Rodríguez | 0-0: Ball 1-0: Ball 2-0: Ball 3-0: Called Strike 3-1: Called Strike 3-2: Foul Ball, location: 2F 3-2: Foul Ball, location: 2F 3-2: Base on Balls Alberto Soto to second | Batting: LHB Alberto Varela | 0-0: Called Strike Alberto Soto steals 3rd base 0-1: Foul Ball, location: 2F 0-2: Ball 1-2: Foul Ball, location: 2F 1-2: Ball 2-2: Foul Ball, location: 2F 2-2: Foul Ball, location: 2F 2-2: DOUBLE (Line Drive, 7) Alberto Soto scores Luis Rodríguez to third Runner from 3rd tries for Home, throw and OUT! | Batting: RHB Paul Richard | 0-0: Ball 1-0: Ground out 6-3 (Groundball, 6) | Top of the 3rd over - 1 run, 2 hits, 0 errors, 1 left on base; Casper 2 - Culver City 1 | BOTTOM OF THE 3RD |
---|
Culver City Extras batting - Pitching for Casper Ghosts : RHP Ray Adams | Batting: RHB Jamie Swyers | 0-0: Ball 1-0: Called Strike 1-1: Foul Ball, location: 2F 1-2: Strikes out swinging, 2-3 out at first. | Batting: RHB Robert Koremans | 0-0: Foul Ball, location: 2F 0-1: Swinging Strike 0-2: Hit by Pitch | Batting: RHB Horace Johnson | 0-0: Ball 1-0: Foul Ball, location: 2F 1-1: Ball 2-1: Ball 3-1: Foul Ball, location: 2F 3-2: SINGLE (Groundball, 6MD) Robert Koremans to second | Batting: LHB Jorge Martínez | 0-0: Called Strike 0-1: SINGLE (Groundball, 4S) (infield hit) Robert Koremans to third Horace Johnson to second | Batting: LHB Randy Wiggins | 0-0: Foul Ball, location: 2F 0-1: Called Strike 0-2: Ball 1-2: Ball 2-2: Fly out, F8 (Flyball, 8RS) Runner from 3rd tags up, SCORES, no throw | Batting: LHB Tony Smith | 0-0: Ball 1-0: Ball 2-0: Called Strike 2-1: Called Strike 2-2: Ball 3-2: SINGLE (Flyball, 7S) Horace Johnson to third Jorge Martínez to second Horace Johnson scores Jorge Martínez to third | Batting: LHB Buddy Rice | 0-0: Ball 1-0: Fly out, F7 (Flyball, 7LSF) | Bottom of the 3rd over - 2 runs, 3 hits, 0 errors, 2 left on base; Casper 2 - Culver City 3 | TOP OF THE 4TH |
---|
Casper Ghosts batting - Pitching for Culver City Extras : LHP Sebastián Cervantes | Batting: LHB Ralph Cobb | 0-0: SINGLE (Line Drive, 7S) | Batting: RHB Robert Acosta | 0-0: Ball 1-0: Called Strike 1-1: Ball 2-1: Ball 3-1: SINGLE (Groundball, 34D) Ralph Cobb to second Runner from 2nd tries for 3rd, SAFE, throw made to third | Batting: RHB Troy Reed | 0-0: Ground out 4-3 (Groundball, 34) Ralph Cobb scores Robert Acosta to second | Batting: RHB Miguel Toro | 0-0: Ball 1-0: Ball 2-0: Ball 3-0: Base on Balls | Batting: LHB Ronald Gordon | 0-0: Called Strike 0-1: Ball 1-1: Foul Ball, location: 2F 1-2: SINGLE (Groundball, 56D) Robert Acosta to third Miguel Toro to second Runner from 3rd tries for Home, SAFE, throw made home | Batting: RHB Alberto Soto | 0-0: Called Strike 0-1: Ball 1-1: Foul Ball, location: 2F Balk! Miguel Toro to third Ronald Gordon to second 1-2: Ball 2-2: Foul Ball, location: 2F 2-2: SINGLE (Flyball, 89S) Miguel Toro scores Ronald Gordon to third | Batting: LHB Luis Rodríguez | 0-0: Ball 1-0: Ball 2-0: 3-RUN HOME RUN (Flyball, 9LD), Distance : 338 ft | Pitching: LHP Dennis Morales | | Batting: LHB Alberto Varela | 0-0: Ball 1-0: Foul Ball, location: 2F 1-1: Foul Ball, location: 2F 1-2: DOUBLE (Line Drive, 9LM) | Batting: RHB Paul Richard | 0-0: Fly out, F8 (Flyball, 78M) | Batting: LHB Ralph Cobb | 0-0: Ball 1-0: Swinging Strike 1-1: Fly out, F5 (Popup, 5F) | Top of the 4th over - 6 runs, 6 hits, 0 errors, 1 left on base; Casper 8 - Culver City 3 | BOTTOM OF THE 4TH |
---|
Culver City Extras batting - Pitching for Casper Ghosts : RHP Ray Adams | Batting: LHB Richard Bell | 0-0: Ball 1-0: Ball 2-0: Swinging Strike 2-1: Ball 3-1: Ground out 6-3 (Groundball, 6) | Batting: RHB John Stevens | 0-0: Called Strike 0-1: Ball 1-1: Ball 2-1: Ground out 5-3 (Groundball, 56) | Batting: RHB Jamie Swyers | 0-0: Ball 1-0: Foul Ball, location: 2F 1-1: Called Strike 1-2: SINGLE (Groundball, 4D) | Batting: RHB Robert Koremans | Pickoff Throw to First - Out! | Bottom of the 4th over - 0 runs, 1 hit, 0 errors, 0 left on base; Casper 8 - Culver City 3 | TOP OF THE 5TH |
---|
Casper Ghosts batting - Pitching for Culver City Extras : LHP Dennis Morales | Batting: RHB Robert Acosta | 0-0: Foul Ball, location: 2F 0-1: Swinging Strike 0-2: Ball 1-2: Ball 2-2: Ball 3-2: Foul Ball, location: 2F 3-2: Fly out, F6 (Line Drive, 6) | Batting: RHB Troy Reed | 0-0: Ball 1-0: Reached on error, E6 (Groundball, 6) | Batting: RHB Miguel Toro | 0-0: Ball 1-0: Ball 2-0: Called Strike 2-1: Ball 3-1: Base on Balls | Batting: LHB Ronald Gordon | 0-0: Ball Troy Reed steals 3rd base 1-0: Foul Ball, location: 2F 1-1: Ball 2-1: Foul Ball, location: 2F 2-2: Strikes out swinging | Batting: RHB Alberto Soto | 0-0: Ball 1-0: Foul Ball, location: 2F 1-1: Swinging Strike 1-2: Ball 2-2: Foul Ball, location: 2F 2-2: Strikes out swinging | Top of the 5th over - 0 runs, 0 hits, 1 error, 2 left on base; Casper 8 - Culver City 3 | BOTTOM OF THE 5TH |
---|
Culver City Extras batting - Pitching for Casper Ghosts : RHP Ray Adams | Batting: RHB Robert Koremans | 0-0: Ball 1-0: Swinging Strike 1-1: Ball 2-1: Swinging Strike 2-2: Foul Ball, location: 2F 2-2: Foul Ball, location: 2F 2-2: Strikes out swinging | Batting: RHB Horace Johnson | 0-0: Ball 1-0: Foul Ball, location: 2F 1-1: Foul Ball, location: 2F 1-2: Ground out 6-3 (Groundball, 6M) | Batting: LHB Jorge Martínez | 0-0: Ball 1-0: Ball 2-0: Fly out, F6 (Flyball, 6D) | Bottom of the 5th over - 0 runs, 0 hits, 0 errors, 0 left on base; Casper 8 - Culver City 3 | TOP OF THE 6TH |
---|
Casper Ghosts batting - Pitching for Culver City Extras : LHP Dennis Morales | Batting: LHB Luis Rodríguez | 0-0: Swinging Strike 0-1: Ball 1-1: Swinging Strike 1-2: Strikes out swinging | Batting: LHB Alberto Varela | 0-0: Called Strike 0-1: Ball 1-1: Swinging Strike 1-2: Ball 2-2: Ball 3-2: Foul Ball, location: 2F 3-2: Foul Ball, location: 2F 3-2: Ground out 6-3 (Groundball, 6) | Batting: RHB Paul Richard | 0-0: Ball 1-0: Ball 2-0: Ball 3-0: Base on Balls | Batting: LHB Ralph Cobb | 0-0: Ball 1-0: Called Strike 1-1: DOUBLE (Line Drive, 9LM) Paul Richard to third Runner from 3rd tries for Home, SAFE, no throw | Batting: RHB Robert Acosta | 0-0: Ball 1-0: Foul Ball, location: 2F 1-1: Ball 2-1: Foul Ball, location: 2F 2-2: Foul Ball, location: 2F 2-2: Ball 3-2: Base on Balls | Batting: RHB Troy Reed | 0-0: Called Strike 0-1: Ball 1-1: Fly out, F4 (Popup, 34) | Top of the 6th over - 1 run, 1 hit, 0 errors, 2 left on base; Casper 9 - Culver City 3 | BOTTOM OF THE 6TH |
---|
Culver City Extras batting - Pitching for Casper Ghosts : RHP Ray Adams | Now at 3B: Peter Bryant | | Now in RF: Ramón Córdova | | Batting: LHB Randy Wiggins | 0-0: SOLO HOME RUN (Flyball, 9LD), Distance : 343 ft | Pitching: RHP Derrick Hall | | Batting: LHB Tony Smith | 0-0: Foul Ball, location: 2F 0-1: Ball 1-1: Foul Ball, location: 2F 1-2: Ground out 6-3 (Groundball, 6) | Batting: LHB Buddy Rice | 0-0: Ball 1-0: Called Strike 1-1: Foul Ball, location: 2F 1-2: Ball 2-2: SINGLE (Line Drive, 4MD) | Batting: LHB Richard Bell | 0-0: Ball 1-0: Foul Ball, location: 2F 1-1: Ball 2-1: Ball 3-1: Base on Balls Buddy Rice to second | Batting: RHB John Stevens | 0-0: Ball 1-0: Called Strike 1-1: Ball 2-1: Ball 3-1: Fly out, F9 (Line Drive, 89D) | Batting: RHB Jamie Swyers | 0-0: Ball 1-0: Ball 2-0: SINGLE (Line Drive, 89S) Buddy Rice to third Richard Bell to second | Batting: RHB Robert Koremans | 0-0: Ball 1-0: Ball 2-0: Swinging Strike 2-1: Called Strike 2-2: Fly out, F4 (Line Drive, 4) | Bottom of the 6th over - 1 run, 3 hits, 0 errors, 3 left on base; Casper 9 - Culver City 4 | TOP OF THE 7TH |
---|
Casper Ghosts batting - Pitching for Culver City Extras : LHP Dennis Morales | Batting: RHB Miguel Toro | 0-0: DOUBLE (Line Drive, 8RD) | Batting: LHB Ronald Gordon | 0-0: Ball 1-0: Ball 2-0: Ball 3-0: Called Strike 3-1: Base on Balls | Batting: RHB Alberto Soto | 0-0: Called Strike 0-1: Ball 1-1: Called Strike 1-2: Ball 2-2: Foul Ball, location: 2F 2-2: Ball 3-2: Strikes out swinging | Batting: LHB Luis Rodríguez | 0-0: Swinging Strike 0-1: Ball 1-1: Ball 2-1: Fly out, F5 (Popup, 5S) | Batting: LHB Alberto Varela | 0-0: Ball 1-0: Foul Ball, location: 2F 1-1: Ground out 1-3 (Groundball, 13) | Top of the 7th over - 0 runs, 1 hit, 0 errors, 2 left on base; Casper 9 - Culver City 4 | BOTTOM OF THE 7TH |
---|
Culver City Extras batting - Pitching for Casper Ghosts : RHP Derrick Hall | Batting: RHB Horace Johnson | 0-0: Foul Ball, location: 2F 0-1: Ground out U3 (Groundball, 3) | Batting: LHB Jorge Martínez | 0-0: Ball 1-0: Ground out 4-3 (Groundball, 4) | Batting: LHB Randy Wiggins | 0-0: Ball 1-0: Ball 2-0: Ball 3-0: Base on Balls | Batting: LHB Tony Smith | 0-0: Ball 1-0: Swinging Strike 1-1: Foul Ball, location: 2F 1-2: Foul Ball, location: 2F 1-2: Ground out 1-3 (Groundball, P) | Bottom of the 7th over - 0 runs, 0 hits, 0 errors, 1 left on base; Casper 9 - Culver City 4 | TOP OF THE 8TH |
---|
Casper Ghosts batting - Pitching for Culver City Extras : LHP Dennis Morales | Batting: RHB Paul Richard | 0-0: SINGLE (Line Drive, 6D) | Batting: LHB Ramón Córdova | 0-0: Ball 1-0: Foul Ball, location: 2F 1-1: Ball 2-1: Fly out, F2 (Popup, 25F) | Batting: RHB Peter Bryant | 0-0: Fly out, F7 (Flyball, 7LS) | Batting: RHB Troy Reed | 0-0: Ball 1-0: Called Strike 1-1: Ball 2-1: SINGLE (Groundball, 4D) Paul Richard to second Runner from 2nd tries for 3rd, OUT! | Top of the 8th over - 0 runs, 2 hits, 0 errors, 1 left on base; Casper 9 - Culver City 4 | BOTTOM OF THE 8TH |
---|
Culver City Extras batting - Pitching for Casper Ghosts : RHP Derrick Hall | Batting: LHB Buddy Rice | 0-0: Foul Ball, location: 2F 0-1: Swinging Strike 0-2: Ball 1-2: Strikes out swinging | Batting: LHB Richard Bell | 0-0: Ball 1-0: Ground out 6-3 (Groundball, 6M) | Batting: RHB John Stevens | 0-0: Ball 1-0: Called Strike 1-1: Foul Ball, location: 2F 1-2: Ground out 6-3 (Groundball, 56D) | Bottom of the 8th over - 0 runs, 0 hits, 0 errors, 0 left on base; Casper 9 - Culver City 4 | TOP OF THE 9TH |
---|
Casper Ghosts batting - Pitching for Culver City Extras : LHP Dennis Morales | Pitching: LHP Alonso Álvarez | | Batting: RHB Miguel Toro | 0-0: Ball 1-0: Ball 2-0: Foul Ball, location: 2F 2-1: Ball 3-1: Fly out, F6 (Line Drive, 6M) | Batting: LHB Ronald Gordon | 0-0: SINGLE (Groundball, 56D) | Batting: RHB Alberto Soto | 0-0: Foul Ball, location: 2F 0-1: Ball 1-1: Ball 2-1: Called Strike 2-2: Strikes out swinging | Batting: LHB Luis Rodríguez | 0-0: Ground out 4-3 (Groundball, 4) | Top of the 9th over - 0 runs, 1 hit, 0 errors, 1 left on base; Casper 9 - Culver City 4 | BOTTOM OF THE 9TH |
---|
Culver City Extras batting - Pitching for Casper Ghosts : RHP Derrick Hall | Batting: RHB Jamie Swyers | 0-0: Called Strike 0-1: Ball 1-1: Called Strike 1-2: Ball 2-2: Fly out, F8 (Flyball, 8LD) | Batting: RHB Robert Koremans | 0-0: Ground out U3 (Groundball, 3L) | Batting: RHB Horace Johnson | 0-0: Called Strike 0-1: Ball 1-1: Ball 2-1: Ball 3-1: Called Strike 3-2: Foul Ball, location: 2F 3-2: Foul Ball, location: 2F 3-2: Base on Balls | Batting: LHB Jorge Martínez | 0-0: Foul Ball, location: 2F 0-1: Ball 1-1: Foul Ball, location: 2F 1-2: Ball 2-2: Foul Ball, location: 2F 2-2: Foul Ball, location: 2F 2-2: Foul Ball, location: 2F 2-2: Ball 3-2: Foul Ball, location: 2F 3-2: Foul Ball, location: 2F 3-2: SINGLE (Groundball, 3D) Horace Johnson to second Horace Johnson to third | Pitching: RHP Willie Alexander | | Batting: LHB Randy Wiggins | 0-0: Called Strike 0-1: Foul Ball, location: 2F 0-2: Foul Ball, location: 2F 0-2: Ball 1-2: Fly out, F9 (Flyball, 89D) | Bottom of the 9th over - 0 runs, 1 hit, 0 errors, 2 left on base; Casper 9 - Culver City 4 | |